 Dungeon Crawl Stone Soup version 0.31-a0-4-gefa6de2278 (webtiles) character file.

Game seed: 6231036122720967401

39616 themargong the Zephyrmancer (level 14, 0/82 HPs)
             Began as a Tengu Air Elementalist on May 4, 2023.
             Was a High Priest of Hepliaklqana.
             Slain by a meliai
             ... wielding a +0 hand axe
              (3 damage)
             ... on level 4 of the Lair of Beasts on May 5, 2023.
             The game lasted 01:22:05 (27422 turns).

themargong the Zephyrmancer (TeAE)                 Turns: 27422, Time: 01:22:06

Health: 0/82       AC:  9    Str:  9    XL:     14   Next: 7%
Magic:  12/25      EV: 16    Int: 21    God:    Hepliaklqana [*****.]
Gold:   882        SH:  0    Dex: 14    Spells: 12/27 levels left

rFire   + . .        T - +0 dagger (venom)
rCold   + . .        (no shield)
rNeg    . . .        S - +2 robe {rC+ rF+}
rPois   .            (helmet restricted)
rElec   .            (no cloak)
rCorr   .            e - +0 pair of gloves
SInv    .            (boots unavailable)
Will    ++...        K - amulet of regeneration
Stlth   ++           V - ring of willpower
HPRegen 1.13/turn    j - +4 ring of protection
MPRegen 0.19/turn

%: no passive effects
@: about to teleport, marked, flying quickly and evasively, slowed, very slow
A: reduced essence, beak, talons 3, nimble flight
a: Renounce Religion, Recall Ancestor, Ancestor Identity, Transference, Idealise


You were on level 4 of the Lair of Beasts.
You worshipped Hepliaklqana.
Hepliaklqana was extremely pleased with you.
You visited 2 branches of the dungeon, and saw 15 of its levels.
You also visited: Sewer.

You collected 882 gold pieces.

Inventory:

Hand Weapons
 D - a +2 trident of freezing
 E - a +2 rapier of draining
 Q - a +0 dagger of flaming
 T - a +0 dagger of venom (weapon)
Missiles
 f - 5 curare-tipped darts
 g - 115 stones
 v - 22 poisoned darts (quivered)
 w - a throwing net
 x - 7 boomerangs
Armour
 e - a +0 pair of gloves (worn)
 F - a +2 robe of willpower
 P - a +0 troll leather armour
 S - a +2 robe of resistance (worn)
Jewellery
 j - a +4 ring of protection (right hand)
 y - a ring of positive energy
 C - an amulet of reflection
 I - a +4 ring of slaying
 J - a ring of resist corrosion
 K - an amulet of regeneration (around neck)
 V - a ring of willpower (left hand)
 W - a ring of protection from fire
Wands
 c - a wand of light (4)
 A - a wand of roots (11)
 O - a wand of polymorph (8)
 R - a wand of digging (5)
Scrolls
 a - a scroll of torment
 i - 7 scrolls of teleportation
 l - 4 scrolls of enchant weapon
 n - 4 scrolls of magic mapping
 o - 4 scrolls of immolation
 p - 2 scrolls of summoning
 s - 4 scrolls of blinking
 t - 5 scrolls of fear
 G - a scroll of vulnerability
 H - 6 scrolls of fog
 M - 2 scrolls of brand weapon {unknown}
 N - 2 scrolls of amnesia
 U - 3 scrolls of poison
Potions
 b - 2 potions of magic
 d - 2 potions of might
 h - 2 potions of brilliance
 k - 2 potions of lignification
 m - 3 potions of heal wounds
 q - 5 potions of curing
 r - 4 potions of haste
 u - 2 potions of invisibility
 z - 2 potions of mutation
 B - 4 potions of berserk rage
Miscellaneous
 L - a phantom mirror
 X - a tin of tremorstones (2/2)


   Skills:
 - Level 12.0 Fighting
 - Level 2.0 Throwing
 - Level 5.0 Dodging
 - Level 3.0 Stealth
 - Level 7.0 Spellcasting
 - Level 11.0 Conjurations
 + Level 1.0 Transmutations
 + Level 1.4 Fire Magic
 - Level 6.0 Ice Magic
 - Level 12.0 Air Magic
 + Level 2.6 Poison Magic
 + Level 10.7 Invocations
 - Level 5.0 Evocations


You had 12 spell levels left.
You knew the following spells:

 Your Spells              Type           Power      Damage    Failure   Level
a - Shock                 Conj/Air       100%       1d9       1%          1
b - Static Discharge      Conj/Air       100%       2-7/arc   1%          2
c - Airstrike             Air            27%        2d(4-20)  1%          4
d - Freezing Cloud        Conj/Ice/Air   23%        6-21      4%          5
e - Mephitic Cloud        Conj/Pois/Air  43%        N/A       1%          3

Your spell library contained the following spells:

 Spells                   Type           Power      Damage    Failure   Level
 Kiss of Death            Conj/Necr      100%       2d13      1%          1
 Magic Dart               Conj           100%       1d8       1%          1
 Cigotuvi's Dreadful Rot  Necr/Pois/Air  54%        N/A       1%          2
 Poisonous Vapours        Pois/Air       76%        N/A       1%          2
 Searing Ray              Conj           100%       2d8       1%          2
 Hailstorm                Conj/Ice       43%        3d10      1%          3
 Swiftness                Air            55%        N/A       1%          3
 Stone Arrow              Conj/Erth      60%        3d10      2%          3
 Slow                     Hex            28%        N/A       9%          1
 Fulminant Prism          Conj/Hex       15%        3d10      9%          4
 Lesser Beckoning         Tloc           14%        N/A       13%         2
 Ignite Poison            Fire/Tmut/Pois 14%        N/A       13%         3
 Ice Form                 Ice/Tmut       22%        N/A       21%         4
 Confusing Touch          Hex            7%         N/A       26%         3
 Gell's Gravitas          Tloc           7%         N/A       26%         3
 Teleport Other           Tloc           7%         N/A       26%         3
 Vampiric Draining        Necr           7%         2d6       26%         3
 Animate Armour           Summ/Erth      14%        N/A       65%         4
 Dispel Undead            Necr           7%         3d8       65%         4
 Simulacrum               Ice/Necr       9%         N/A       98%         6
 Lehudib's Crystal Spear  Conj/Erth      15%        10d5      100%        8


Dungeon Overview and Level Annotations

Branches:
Dungeon (11/15)            Temple (0/1) D:6            Lair (4/5) D:11
 Shoals (0/4) Lair:2       Spider (0/4) Lair:2        Slime (0/5) Lair:4
  Sewer (visited)
    Orc: D:9-12

Altars:
Dithmenos
Fedhas
Hepliaklqana
Makhleb
Okawaru
Qazlal
Uskayaw
Vehumet
Yredelemnul
The Shining One

Shops:
D:5 [   D:9 (

Annotations:
D:9 exclusion: downstairs
D:10 3 runed translucent doors, exclusion: 3 doors, Sonja; themarg's ghost, journeyman TeAE
Lair:1 3 runed translucent doors, exclusion: 3 doors, Zonian's ghost, journeyman VSGl
Lair:3 2 transporters


Innate Abilities, Weirdness & Mutations

Your life essence is reduced to manifest your ancestor. (-10% HP)
You have a beak for a mouth.
You have claws for feet.
Your magical nature lets you fly swiftly and evasively.


Message History

You hear an angry buzzing noise.
You hear a deafening roar!
You hear a trumpeting!
The meliai attacks as you move away! The meliai closely misses you.
The meliai stings you!
You feel sick.
The meliai is engulfed in freezing vapours.
You hit the meliai.
The meliai is severely wounded.
You feel sick.
The meliai invokes the aid of its god against you.
Something smites you! The meliai hits you with a +0 hand axe.
The meliai hits Gong with a +0 hand axe.
The meliai stings you.
You are more poisoned.
The meliai poisons you!
Gong closely misses the meliai.
A torpor snail comes into view.
Being near the torpor snail leaves you feeling lethargic.
As you read the scroll of teleportation, it crumbles to dust.
You feel strangely unstable.
You feel extremely sick. The meliai closely misses you.
Gong blocks the meliai's attack.
The meliai completely misses you. The meliai hits you with a +0 hand axe.
* * * LOW HITPOINT WARNING * * *
The meliai hits Gong with a +0 hand axe.
The meliai stings you but does no damage.
A meliai comes into view. It is wielding a +0 hand axe.
The meliai invokes the aid of its god against you.
Something smites you!
* * * LOW HITPOINT WARNING * * *
Gong misses the meliai.
The torpor snail is engulfed in freezing vapours.
The meliai moves out of view.
You feel better. The meliai hits you with a +0 hand axe.
* * * LOW HITPOINT WARNING * * *
Gong blocks the meliai's attack.
The meliai closely misses you. The meliai hits you with a +0 hand axe!
* * * LOW HITPOINT WARNING * * *
The meliai hits Gong but does no damage.
The meliai barely misses you. The meliai hits you but does no damage.
The meliai closely misses Gong.
The meliai stings you.
You die...

##### #### ### ##.[[## ##
####..####.# ##.....## ##P###.
...)......## #....)..# #......
.........#######@...)#######.....
........####.§§y##.#.....####....
......>## #§☼§.R#####.†...####...
.....### #.§§#§).# #.......# ###.
....## ##w.§§§## ##.....#######
...## ..y§#§..§# ##........###
.### .†. #####. #####.[...## ## [
.. #...#...# ... #####..†..##


You could see the friendly Gong the knight, a torpor snail and 2 meliai.

Vanquished Creatures
  2 hydras
  2 boulder beetles
  2 two-headed ogres
  4 death yaks
  2 skysharks
  11 elephants
  A black mamba (Lair:4)
  9 cane toads
  7 rime drakes
  A komodo dragon (Lair:4)
  3 kobold demonologists (D:10)
  A polar bear (Lair:2)
  6 meliai
  4 trolls
  5 blink frogs (Lair:2)
  A snapping turtle (Lair:2)
  A hornet (D:9)
  4 wyverns
  A wraith (D:8)
  30 yaks
  2 basilisks
  A steam dragon (Lair:4)
  An acid dragon (D:10)
  8 water moccasins
  2 orc warriors (D:10)
  A sky beast (D:7)
  3 ice beasts
  3 ogres
  7 wolves
  2 centaurs
  2 phantoms
  A kobold brigand (D:10)
  11 bullfrogs
  10 wights
  21 killer bees
  7 electric eels
  A howler monkey (D:8)
  A hound (D:6)
  6 orc priests
  9 jellies
  3 iguanas
  Ijyb (D:4)
  5 hell rats
  4 orc wizards
  7 gnolls
  9 adders
  5 river rats (Sewer)
  A shadow imp (D:5)
  7 worms
  A dart slug (D:1)
  27 orcs
  9 endoplasms
  2 giant cockroaches
  11 goblins
  10 hobgoblins
  7 jackals
  9 kobolds
  2 quokkas (Sewer)
  12 ball pythons
  14 bats
  A frilled lizard (D:1)
  8 rats
351 creatures vanquished.

Vanquished Creatures (collateral kills)
  A two-headed ogre (D:10)
  A death yak (Lair:2)
  3 elephants
  A black mamba (Lair:1)
  A cane toad (Lair:4)
  3 komodo dragons
  A queen bee (Lair:4)
  3 meliai (Lair:4)
  13 yaks
  A steam dragon (D:9)
  A wyvern (D:8)
  Menkaure (D:4)
  A water moccasin (Lair:4)
  An orc warrior (D:8)
  A sky beast (D:5)
  3 wolves (Lair:3)
  A kobold brigand (D:10)
  A bullfrog (D:8)
  A scorpion (D:4)
  7 wights
  3 killer bees (Lair:4)
  A howler monkey (D:11)
  A gnoll bouda (D:7)
  A jelly (D:4)
  3 orc wizards
  2 hell rats (Lair:2)
  4 adders
  2 gnolls (D:4)
  A river rat (Sewer)
  6 orcs
  A bat (Sewer)
  2 endoplasms
  A jackal (Sewer)
  A ball python (Sewer)
  A rat (D:3)
76 creatures vanquished.

Vanquished Creatures (others)
  3 knights
  A bush (Lair:2)
  28 fungi
  70 plants
  11 withered plants (D:2)
113 creatures vanquished.

Grand Total: 540 creatures vanquished

Notes
Turn   | Place    | Note
-------+----------+-------------------------------------------
     0 | D:1      | themargong the Tengu Air Elementalist began the quest for
                  | the Orb.
     0 | D:1      | Reached XP level 1. HP: 10/10 MP: 4/4
     1 | D:1      | Noticed an electric eel
   226 | D:1      | Reached XP level 2. HP: 16/16 MP: 0/6
   285 | D:1      | Learned a level 2 spell: Static Discharge
   470 | D:1      | Reached skill level 1 in Fighting
   938 | D:2      | Reached XP level 3. HP: 20/20 MP: 3/7
  1756 | D:2      | Found a faded altar of an unknown god.
  1764 | D:2      | Prayed at the altar of an unknown god.
  1764 | D:2      | Became a worshipper of Hepliaklqana the Forgotten
  1764 | D:2      | Reached * piety under Hepliaklqana
  2338 | D:3      | Reached XP level 4. HP: 20/22 MP: 1/8
  2498 | D:3      | Found a glowing drain.
  2503 | D:3      | Reached skill level 5 in Air Magic
  2525 | Sewer    | Entered a sewer
  2603 | Sewer    | Gained mutation: Your magical nature lets you fly swiftly
                  | and evasively. [Tengu growth]
  2603 | Sewer    | Reached XP level 5. HP: 21/26 MP: 0/9
  3517 | Sewer    | Reached XP level 6. HP: 15/30 MP: 1/10
  4262 | D:3      | Reached ** piety under Hepliaklqana
  4263 | D:3      | Remembered your ancestor Gong as a knight
  4822 | D:3      | Learned a level 4 spell: Airstrike
  5200 | D:4      | Reached XP level 7. HP: 34/34 MP: 0/11
  5336 | D:4      | Noticed Menkaure
  5342 | D:4      | Killed Menkaure
  5348 | D:4      | Reached skill level 10 in Air Magic
  5530 | D:4      | Noticed Ijyb
  5537 | D:4      | Killed Ijyb
  6479 | D:5      | Entered Level 5 of the Dungeon
  6540 | D:5      | Reached XP level 8. HP: 43/43 MP: 2/12
  7011 | D:5      | Found Jotiudwib's Armour Shop.
  7358 | D:5      | Reached *** piety under Hepliaklqana
  7467 | D:5      | Found a blossoming altar of Fedhas.
  7714 | D:5      | Reached skill level 5 in Fighting
  8007 | D:5      | Found a stormy altar of Qazlal.
  8747 | D:6      | Reached skill level 1 in Invocations
  8920 | D:6      | Found a staircase to the Ecumenical Temple.
  9578 | D:7      | Reached **** piety under Hepliaklqana
  9629 | D:7      | Reached skill level 5 in Spellcasting
  9629 | D:7      | Reached XP level 9. HP: 48/48 MP: 8/17
 10375 | D:7      | Reached skill level 5 in Invocations
 10535 | D:8      | Reached skill level 1 in Throwing
 10535 | D:8      | Reached skill level 1 in Evocations
 11528 | D:8      | Found a shadowy altar of Dithmenos.
 11530 | D:8      | Found a basalt altar of Yredelemnul.
 11531 | D:8      | Found a burning altar of Makhleb.
 11531 | D:8      | Found a radiant altar of Vehumet.
 11588 | D:8      | Found an iron altar of Okawaru.
 11588 | D:8      | Found a glowing golden altar of the Shining One.
 11589 | D:8      | Found a hide-covered altar of Uskayaw.
 11974 | D:8      | Reached XP level 10. HP: 57/57 MP: 9/18
 12343 | D:9      | Noticed a two-headed ogre
 12352 | D:9      | Killed a two-headed ogre
 12697 | D:9      | Found Gobilud's Hydra Hut.
 12703 | D:9      | Noticed an eight-headed hydra
 12775 | D:9      | Reached skill level 10 in Fighting
 13033 | D:9      | Reached skill level 1 in Ice Magic
 13165 | D:10     | Entered Level 10 of the Dungeon
 13165 | D:10     | Noticed a kobold demonologist
 13165 | D:10     | Noticed a kobold demonologist
 13184 | D:10     | Noticed a two-headed ogre
 13192 | D:10     | Killed a two-headed ogre
 13193 | D:10     | Reached skill level 5 in Conjurations
 13300 | D:10     | Found a runed translucent gate.
 13300 | D:10     | Found a runed translucent gate.
 13300 | D:10     | Found a runed translucent gate.
 13300 | D:10     | Noticed themarg's ghost (journeyman TeAE)
 13308 | D:10     | Learned a level 5 spell: Freezing Cloud
 13365 | D:10     | Noticed a two-headed ogre
 13369 | D:10     | Killed a two-headed ogre
 13484 | D:10     | Reached XP level 11. HP: 64/64 MP: 8/19
 13646 | D:10     | Reached skill level 5 in Ice Magic
 14985 | D:10     | Noticed Sonja
 15242 | D:11     | Noticed an eight-headed hydra
 15261 | D:11     | Killed an eight-headed hydra
 15401 | D:11     | Noticed a purple ugly thing
 15528 | D:11     | Noticed a boulder beetle
 15535 | D:11     | Killed a boulder beetle
 15874 | D:11     | Found a staircase to the Lair.
 15920 | D:11     | Noticed a two-headed ogre
 16057 | Lair:1   | Entered Level 1 of the Lair of Beasts
 17024 | Lair:1   | Found a runed translucent gate.
 17024 | Lair:1   | Found a runed translucent gate.
 17024 | Lair:1   | Found a runed translucent gate.
 17025 | Lair:1   | Noticed Zonian's ghost (journeyman VSGl)
 17027 | Lair:1   | Noticed a spectral death yak
 17694 | Lair:1   | Reached skill level 5 in Dodging
 17773 | Lair:1   | Reached XP level 12. HP: 66/69 MP: 4/20
 18550 | Lair:2   | Noticed a death yak
 18550 | Lair:2   | Noticed a death yak
 18550 | Lair:2   | Noticed a death yak
 18551 | Lair:2   | Noticed a death yak
 19221 | Lair:2   | Reached ***** piety under Hepliaklqana
 19235 | Lair:2   | Reached skill level 10 in Conjurations
 20395 | Lair:2   | Noticed a death yak
 20396 | Lair:2   | Killed a death yak
 20400 | Lair:2   | Noticed a death yak
 20446 | Lair:2   | Killed a death yak
 20694 | Lair:1   | Killed a death yak
 20790 | Lair:1   | Killed a death yak
 21102 | Lair:2   | Reached skill level 10 in Invocations
 21203 | Lair:2   | Killed a death yak
 21204 | Lair:2   | Reached XP level 13. HP: 73/73 MP: 0/23
 21446 | Lair:2   | Found a staircase to the Shoals.
 21832 | Lair:2   | Found a hole to the Spider Nest.
 22172 | Lair:3   | Found a transporter.
 23034 | Lair:3   | Found a transporter.
 23775 | Lair:4   | Reached skill level 5 in Evocations
 26527 | Lair:4   | Learned a level 3 spell: Mephitic Cloud
 26531 | Lair:4   | Found a staircase to the Slime Pits.
 26633 | Lair:4   | Reached skill level 1 in Poison Magic
 26795 | Lair:3   | Reached XP level 14. HP: 82/82 MP: 20/25
 27186 | Lair:4   | Reached skill level 1 in Fire Magic
 27415 | Lair:4   | Reached skill level 1 in Transmutations
 27421 | Lair:4   | HP: 4/82 [meliai/divine providence (14)]
 27422 | Lair:4   | Slain by a meliai

Illustrated notes

Levels and vault maps discovered:
D:1:      arrival_aquarium_a, layout_rooms, minmay_misc_feat_five
D:2:      layout_loops_ring, shapermc_ecumenical_altar_flowoftime
D:3:      layout_basic, portal_sewer_entry_a, chequers_big_river,
          grunt_ministairs_2, st_stairs_4
D:4:      layout_basic, uniq_ijyb, uniq_menkaure
D:5:      layout_layer_cave, grunt_temple_overflow_forces_of_nature,
          nicolae_stop_n_shop_1
D:6:      layout_basic, minmay_temple_entry_grid, minivault_4, dk_noncrumbling_4
D:7:      layout_rooms, serial_bayou_lagoon_a
D:8:      layout_basic, grunt_temple_overflow_open
D:9:      layout_roguey, doesnt_shop_hydraphobe
D:10:     layout_roguey, ebering_ghost_rock_garden, uniq_sonja
D:11:     minmay_the_grid_3x3 [minmay_the_grid_x, minmay_the_grid_holed_spiral,
          minmay_the_grid_eight, minmay_the_grid_zigzag_pyramid,
          minmay_the_grid_dragon_a, minmay_the_grid_aliased_spiral,
          minmay_the_grid_outer_diamond, minmay_the_grid_pillar_ring,
          minmay_the_grid_prize_trominoes], layout_loops_ring,
          corexii_hall_statues_x, led_sif_pool
Lair:1:   layout_cave_pods, gammafunk_ghost_necromancy, grunt_megastairs_1,
          serial_bayou_shore_a, serial_bayou_shore_b
Lair:2:   layout_roguey, minmay_shoals_entry_hut,
          hellmonk_spider_entry_not_the_bees
Lair:3:   gammafunk_cloud_chamber, layout_regular_city, serial_bayou_ford_a,
          grunt_megastairs_3, serial_bayou_shore_b, lemuel_fruit_fields,
          infiniplex_staircase_pool_2
Lair:4:   regret_index_combs_of_tragedy, layout_long_grid,
          nicolae_slime_entry_slimehenge

Skill      XL: |  1  2  3  4  5  6  7  8  9 10 11 12 13 14 |
---------------+-------------------------------------------+-----
Conjurations   | 2 3 4 6 8 10 11 | 11.0
Fighting       | 1 3 5 7 10 12 | 12.0
Air Magic      | 5 7 9 10 11 12 | 12.0
Stealth        | 3 |  3.0
Spellcasting   | 5 6 7 |  7.0
Invocations    | 2 5 6 10 | 10.7
Throwing       | 2 |  2.0
Evocations     | 2 5 |  5.0
Ice Magic      | 4 6 |  6.0
Dodging        | 5 |  5.0
Poison Magic   | 2 |  2.6
Fire Magic     | 1 |  1.4
Transmutations | 1 |  1.0

Action                     |  1- 3 |  4- 6 |  7- 9 | 10-12 | 13-15 || total
---------------------------+-------+-------+-------+-------+-------++-------
  Melee: Short sword       |     1 |    29 |     4 |     1 |       ||    35
         Peck              |     1 |     5 |     1 |     7 |     8 ||    22
         Kick              |       |     4 |       |    11 |    14 ||    29
         Dagger            |       |       |       |    25 |    36 ||    61
  Throw: Dart              |       |       |       |     2 |     6 ||     8
   Cast: Shock             |    77 |    66 |    74 |    60 |    17 ||   294
         Static Discharge  |    16 |    40 |       |    18 |    18 ||    92
         Airstrike         |       |     3 |    78 |   144 |    79 ||   304
         Freezing Cloud    |       |       |       |    34 |    59 ||    93
 Invoke: Recall Ancestor   |       |     2 |     4 |     8 |     4 ||    18
         Ancestor Life: Kn |       |     1 |       |       |       ||     1
         Ancestor Identity |       |       |       |     1 |       ||     1
         Idealise          |       |       |       |     2 |       ||     2
  Evoke: Wand              |       |       |       |     1 |     4 ||     5
    Use: Scroll            |       |       |    15 |     2 |     6 ||    23
         Potion            |       |       |       |       |     1 ||     1
   Stab: Distracted        |       |       |       |     1 |       ||     1
         Invisible         |       |       |       |       |     1 ||     1
 Armour: Robe              |     1 |    18 |     1 |    16 |    24 ||    60
  Dodge: Dodged            |     9 |    50 |     8 |    50 |   103 ||   220

Table legend: (Time is in decaauts)
 A = Elapsed time spent in this place.
 B = Non-inter-level travel time spent in this place.
 C = Inter-level travel time spent in this place.
 D = Time resting spent in this place.
 E = Time spent auto-exploring this place.
 F = Levels seen in this place.
 G = Mean time per level.
                   A        B        C        D        E       F      G
               +--------+--------+--------+--------+--------+-----+--------+
         Total |  26397 |  25795 |    602 |   6963 |  15002 |  16 | 1649.8 |
       Dungeon |  13969 |  13580 |    389 |   2694 |   9056 |  11 | 1269.9 |
          Lair |  10973 |  10761 |    212 |   3979 |   5082 |   4 | 2743.2 |
         Sewer |   1454 |   1454 |      0 |    290 |    863 |   1 | 1454.0 |
               +--------+--------+--------+--------+--------+-----+--------+

Top non-repeatable levels by time:
  Lair:1: 3707 daAuts
  Lair:4: 2973 daAuts
  Lair:3: 2156 daAuts
  Lair:2: 2136 daAuts
    D:10: 1791 daAuts
     D:5: 1702 daAuts
     D:8: 1609 daAuts
     D:4: 1473 daAuts
   Sewer: 1454 daAuts
     D:9: 1416 daAuts
     D:3: 1239 daAuts
     D:2: 1113 daAuts
     D:1: 1109 daAuts
     D:6: 1071 daAuts
     D:7: 914 daAuts
